 Dungeon Crawl Stone Soup version 0.30.0-29-ga12c61a403 (webtiles) character file.

Game seed: 5125756059774827212

58 Graphine the Grave Robber (level 3, -2/26 HPs)
             Began as a Vampire Necromancer on June 16, 2023.
             Slain by Ijyb
             ... wielding a +0 club
              (4 damage)
             ... on level 3 of the Dungeon.
             The game lasted 00:08:21 (2576 turns).

Graphine the Grave Robber (Vampire Necromancer)     Turns: 2576, Time: 00:08:22

Health: -2/26      AC:  2    Str:  7    XL:     3   Next: 75%
Magic:  0/6        EV: 12    Int: 22    God:
Gold:   14         SH:  0    Dex: 14    Spells: 2/6 levels left

rFire   . . .        n - +3 scimitar (flame)
rCold   . . .        (no shield)
rNeg    . . .        o - +0 robe of Dingeru {rPois Will+ Int+3 Stlth+}
rPois   +            (no helmet)
rElec   .            (no cloak)
rCorr   .            (no gloves)
SInv    +            (no boots)
Will    ++...        (no amulet)
Stlth   +++          g - ring of willpower
HPRegen 0.44/turn    (no ring)
MPRegen 0.10/turn

%: no passive effects
@: healing quickly
A: alive, fangs 3, see invisible, vampiric 2
a: Exsanguinate


You were on level 3 of the Dungeon.
You visited 1 branch of the dungeon, and saw 3 of its levels.

You collected 1306 gold pieces.
You spent 1292 gold pieces at shops.

Inventory:

Hand Weapons
 j - a +1 dagger of electrocution
 l - a +0 rapier
 n - a +3 scimitar of flaming (weapon)
Missiles
 e - 5 poisoned darts (quivered)
Armour
 o - the +0 robe of Dingeru (worn) {rPois Will+ Int+3 Stlth+}
   (You bought it in a shop on level 1 of the Dungeon)

   Int:       It affects your intelligence (+3).
   rPois:     It protects you from poison.
   Will:      It increases your willpower.
   Stlth:     It makes you more stealthy.
Jewellery
 g - a ring of willpower (left hand)
Wands
 p - a wand of charming (6)
Scrolls
 a - 2 scrolls of teleportation
 h - a scroll of amnesia
 m - a scroll of identify
 q - a scroll of brand weapon
 r - a scroll of poison
Potions
 b - 2 potions of magic
 c - a potion of curing
 d - a potion of cancellation
 f - a potion of brilliance {unknown}
 i - a potion of heal wounds {unknown}
 k - a potion of lignification {unknown}


   Skills:
 + Level 1.1 Fighting
 + Level 2.7 Dodging
 + Level 3.7 Stealth
 + Level 2.3 Spellcasting
 * Level 5.0 Necromancy


You had 2 spell levels left.
You knew the following spells:

 Your Spells              Type           Power      Damage    Failure   Level
a - Necrotise             Necr           96%        1d8       1%          1
b - Vampiric Draining     Necr           24%        2d7       4%          3

Your spell library contained the following spells:

 Spells                   Type           Power      Damage    Failure   Level
 Apportation              Tloc           4%         N/A       13%         1
 Animate Dead             Necr           24%        N/A       17%         4
 Agony                    Necr           24%        N/A       43%         5
 Alistair's Intoxication  Tmut/Pois      1%         N/A       98%         5


Dungeon Overview and Level Annotations

Branches:
Dungeon (3/15)

Altars:
Kikubaaqudgha
Wu Jian
Yredelemnul

Shops:
D:1 *?((*

Annotations:
D:3 Ijyb, Menkaure


Innate Abilities, Weirdness & Mutations

Your natural rate of healing is accelerated.
You have razor-sharp teeth.
You have supernaturally acute eyesight. (SInv)
You are afflicted with vampirism and can become a bat while bloodless.


Message History

Menkaure rustles, "It doesn't hurt if you pull your brain out of your nose yourself."
Casting: Necrotise (safe; 1% risk of failure)
Confirm with . or Enter, or press ? or * to list all spells.
Aiming: Necrotise (safe; 1% risk of failure)
Press: ? - help, Shift-Dir - straight line, f - Ijyb
Aim: Ijyb, wielding a +0 club, wearing a +0 scale mail and carrying a wand of acid (8) (chance to affect: 88%) Ijyb writhes in agony.
You slash Ijyb! You burn Ijyb.
Ijyb is heavily wounded.
Ijyb hits you with a +0 club. x2
Casting: Necrotise (safe; 1% risk of failure)
Confirm with . or Enter, or press ? or * to list all spells.
The spell is quite dangerous to miscast (4% risk of failure)!
Continue anyway?
Aiming: Vampiric Draining (quite dangerous; 4% risk of failure)
Press: ? - help, Shift-Dir - straight line, f/p - Ijyb
Aim: Ijyb, wielding a +0 club, wearing a +0 scale mail and carrying a wand of acid (8) (heavily wounded)
You draw life force from Ijyb!
You feel life coursing into your body. Ijyb barely misses you.
You barely miss Ijyb. You bite Ijyb, but do no damage.
Ijyb is almost dead.
Ijyb barely misses you.
You closely miss Ijyb. Your bite misses Ijyb.
Ijyb is almost dead.
Ijyb hits you with a +0 club. Ijyb hits you with a +0 club!
You barely miss Ijyb.
Ijyb is almost dead.
Ijyb hits you with a +0 club.
* * * LOW HITPOINT WARNING * * *
Menkaure's ankle releases a plume of dust as he confides, "I'm not really a mummy, you know."
You barely miss Ijyb.
Ijyb is almost dead.
Ijyb hits you with a +0 club.
* * * LOW HITPOINT WARNING * * *
Casting: Vampiric Draining (quite dangerous; 4% risk of failure)
Confirm with . or Enter, or press ? or * to list all spells.
Aiming: Necrotise (safe; 1% risk of failure)
Press: ? - help, Shift-Dir - straight line, f/p - Ijyb
Aim: Ijyb, wielding a +0 club, wearing a +0 scale mail and carrying a wand of acid (8) (almost dead, chance to affect: 88%) Ijyb writhes in agony.
Ijyb hits you with a +0 club.
You die...

##..#..
#.#.....©.....#...##
#.#..##...##..#....
#.#..#8...8#..#.#.#
##.#..##...##..#.#.#
.#.#..........M#o)..
...#./$_)⌠(_$ZZ#g#
.#.#############@#.##.#
.........©..........>...
.#.#.###...#.###########
...#.# ##....# )###.#
###..# .# #.# ##.# .#
#.# #.# )###.# #.#
)....# #.#


You could see Ijyb, Menkaure, an orc, an adder skeleton and a hound skeleton.

Vanquished Creatures
  Robin (D:3)
  4 ball pythons
  3 bats
  3 giant cockroaches (D:1)
  15 goblins
  5 hobgoblins
  3 kobolds
  A quokka (D:2)
  A frilled lizard (D:1)
  3 rats
39 creatures vanquished.

Vanquished Creatures (collateral kills)
  A giant cockroach (D:1)
  A goblin (D:1)
  A ball python (D:1)
3 creatures vanquished.

Grand Total: 42 creatures vanquished

Notes
Turn   | Place    | Note
-------+----------+-------------------------------------------
     0 | D:1      | Graphine the Vampire Necromancer began the quest for the
                  | Orb.
     0 | D:1      | Reached XP level 1. HP: 13/13 MP: 3/3
   133 | D:1      | Reached XP level 2. HP: 15/19 MP: 1/5
   184 | D:1      | Found Gakhyzyi's Assorted Antiques.
   436 | D:1      | Found Deriet's General Store.
   454 | D:1      | Found Huwi's Antique Weapon Shop.
   514 | D:1      | Found Burch's Antique Weapon Shop.
   949 | D:1      | Found Leihay's Magic Scroll Shoppe.
  1199 | D:2      | Gained mutation: You are afflicted with vampirism and can
                  | become a bat while bloodless. [Vampire growth]
  1199 | D:2      | Reached XP level 3. HP: 25/25 MP: 3/6
  1530 | D:2      | Learned a level 3 spell: Vampiric Draining
  2003 | D:2      | Identified a scroll of acquirement
  2003 | D:2      | Acquired 1216 gold pieces
  2128 | D:1      | Bought a ring of willpower for 350 gold pieces
  2128 | D:1      | Bought a +2 robe of willpower for 247 gold pieces
  2283 | D:1      | Bought a runed scimitar for 196 gold pieces
  2352 | D:1      | Bought a fabulously ornate robe for 119 gold pieces
  2352 | D:1      | Identified the +0 robe of Dingeru {rPois Will+ Int+3
                  | Stlth+} (You bought it in a shop on level 1 of the Dungeon)
  2352 | D:1      | Bought a blackened bone wand for 84 gold pieces
  2389 | D:1      | Bought a scroll of teleportation for 33 gold pieces
  2389 | D:1      | Bought a scroll of identify for 22 gold pieces
  2389 | D:1      | Bought a scroll of teleportation for 33 gold pieces
  2389 | D:1      | Bought a scroll of brand weapon for 104 gold pieces
  2389 | D:1      | Bought a scroll of brand weapon for 104 gold pieces
  2498 | D:3      | Found an ornate altar of the Wu Jian Council.
  2508 | D:3      | Noticed Robin
  2514 | D:3      | Reached skill level 1 in Fighting
  2536 | D:3      | Killed Robin
  2537 | D:3      | Reached skill level 5 in Necromancy
  2543 | D:3      | Found an ancient bone altar of Kikubaaqudgha.
  2554 | D:3      | Noticed Menkaure
  2556 | D:3      | Found a basalt altar of Yredelemnul.
  2562 | D:3      | Noticed Ijyb
  2576 | D:3      | Slain by Ijyb

Illustrated notes

Levels and vault maps discovered:
D:1:      nagdon_arrival_double_spiral, layout_basic, serial_shops,
          nicolae_shop_rolled_up, shop, nicolae_shop_back_alley_shop,
          nicolae_shop_overgrown_old_shop, shop
D:2:      layout_basic, minmay_misc_feat_more_columns
D:3:      layout_loops_ring, gammafunk_temple_of_torment, amcnicky_altar_gilded,
          vehumet_crystals, trog_hazing_becter, minmay_fountain_box, uniq_ijyb,
          uniq_jessica, uniq_robin, uniq_pargi

Skill      XL: |  1  2  3 |
---------------+----------+-----
Fighting       | 1 |  1.1
Necromancy     | 5 |  5.0
Dodging        | |  2.7
Stealth        | |  3.7
Spellcasting   | |  2.3

Action                     || total
---------------------------++-------
  Melee: Unarmed           ||    15
         Bite              ||     6
         Dagger            ||     5
         Scimitar          ||    27
  Throw: Dart              ||    13
   Cast: Necrotise         ||    42
         Vampiric Draining ||     1
    Use: Scroll            ||     9
   Stab: Sleeping          ||     1
 Armour: Robe              ||    12
  Dodge: Dodged            ||    31
